AAA EAST
TOLEDO MUD HENS @ SCRANTON WB RAILRIDERS
08/12/2041
 
TOP OF THE 1ST
Toledo Mud Hens batting - Pitching for Scranton WB RailRiders : RHP Waylon Carbajal
Pitching: RHP Waylon Carbajal
Batting: RHB Jesús Barajas 0-0: Ball
1-0: Ball
2-0: Called Strike
2-1: Ball
3-1: Foul Ball, location: 5SF
3-2: Strikes out looking
Batting: LHB Jon Bray 0-0: Foul Ball, location: 2F
0-1: Foul Ball, location: 5F
0-2: Ball
1-2: Fly out, F9 (Flyball, 9LM, EV 85.0 MPH)
Batting: RHB Tony Blevins 0-0: Ball
1-0: Foul Ball, location: 5F
1-1: Ball
2-1: Ball
3-1: Foul Ball, location: 2F
3-2: Foul Ball, location: 9LSF
3-2: Foul Ball, location: 25FF
3-2: Base on Balls
Batting: LHB Eric Mason 0-0: Ball
1-0: Swinging Strike
1-1: Ball
2-1: Foul Ball, location: 7LMF
2-2: Ground out U3 (Groundball, 34, EV 105.0 MPH)
Top of the 1st over - 0 runs, 0 hits, 0 errors, 1 left on base; Toledo 0 - Scranton WB 0
BOTTOM OF THE 1ST
Scranton WB RailRiders batting - Pitching for Toledo Mud Hens : RHP Greg Santiago
Pitching: RHP Greg Santiago
Batting: RHB Alex Willis 0-0: Ball
1-0: Called Strike
1-1: Ball
2-1: Foul Ball, location: 2F
2-2: Ground out 5-3 (Groundball, 56S, EV 82.5 MPH)
Batting: RHB Jim Unknown 0-0: Swinging Strike
0-1: Ground out 5-3 (Groundball, 5, EV 104.4 MPH)
Batting: LHB Spike Robbins 0-0: Called Strike
0-1: Called Strike
0-2: Ball
1-2: Foul Ball, location: 23FF
1-2: Strikes out swinging
Bottom of the 1st over - 0 runs, 0 hits, 0 errors, 0 left on base; Toledo 0 - Scranton WB 0
TOP OF THE 2ND
Toledo Mud Hens batting - Pitching for Scranton WB RailRiders : RHP Waylon Carbajal
Batting: RHB Tache Grigore 0-0: Foul Ball, location: 2F
0-1: Ball
1-1: Swinging Strike
1-2: Strikes out swinging
Batting: SHB Loc Dang 0-0: SOLO HOME RUN (Flyball, 89XD, EV 99.4 MPH), Distance : 388 ft
Batting: LHB José García 0-0: Called Strike
0-1: Ball
1-1: Foul Ball, location: 2F
1-2: Strikes out swinging
Batting: SHB Mario Cortéz 0-0: Foul Ball, location: 7LSF
0-1: Ball
1-1: Called Strike
1-2: Strikes out swinging
Top of the 2nd over - 1 run, 1 hit, 0 errors, 0 left on base; Toledo 1 - Scranton WB 0
BOTTOM OF THE 2ND
Scranton WB RailRiders batting - Pitching for Toledo Mud Hens : RHP Greg Santiago
Batting: LHB Josh Jones 0-0: Ball
1-0: Ball
2-0: Called Strike
2-1: Ball
3-1: Foul Ball, location: 9LSF
3-2: Foul Ball, location: 2F
3-2: Foul Ball, location: 2F
3-2: Foul Ball, location: 7LMF
3-2: Strikes out swinging
Batting: RHB Dave Bennett 0-0: Ball
1-0: Swinging Strike
1-1: Called Strike
1-2: Strikes out swinging
Batting: LHB Eli Robinson 0-0: Ball
1-0: Called Strike
1-1: Ball
2-1: DOUBLE (Groundball, 5L, EV 94.4 MPH)
Batting: RHB Jim Unknown 0-0: Called Strike
0-1: Swinging Strike
0-2: Ball
1-2: Ball
2-2: SINGLE (Line Drive, 9S, EV 85.6 MPH)
Eli Robinson to third
Runner from 3rd tries for Home, SAFE, throw by RF to home
Jim Unknown to second
Batting: RHB Jim Unknown 0-0: Ground out 4-3 (Groundball, 34, EV 103.8 MPH)
Bottom of the 2nd over - 1 run, 2 hits, 0 errors, 1 left on base; Toledo 1 - Scranton WB 1
TOP OF THE 3RD
Toledo Mud Hens batting - Pitching for Scranton WB RailRiders : RHP Waylon Carbajal
Batting: RHB William Beauvais 0-0: Ball
1-0: Ground out 6-3 (Groundball, 6MS, EV 78.8 MPH)
Batting: RHB Jesús Barajas 0-0: Called Strike
0-1: Called Strike
0-2: Strikes out looking
Batting: LHB Jon Bray 0-0: Swinging Strike
0-1: Ball
1-1: Ground out 6-3 (Groundball, 6M, EV 103.8 MPH)
Top of the 3rd over - 0 runs, 0 hits, 0 errors, 0 left on base; Toledo 1 - Scranton WB 1
BOTTOM OF THE 3RD
Scranton WB RailRiders batting - Pitching for Toledo Mud Hens : RHP Greg Santiago
Batting: LHB Jim Unknown 0-0: Ball
1-0: Called Strike
1-1: Called Strike
1-2: Foul Ball, location: 2F
1-2: Ball
2-2: Ball
3-2: Strikes out swinging
Batting: RHB Alex Willis 0-0: Ball
1-0: Ground out 4-3 (Groundball, 4, EV 84.4 MPH)
Batting: RHB Jim Unknown 0-0: Ground out 6-3 (Groundball, 6M, EV 103.8 MPH)
Bottom of the 3rd over - 0 runs, 0 hits, 0 errors, 0 left on base; Toledo 1 - Scranton WB 1
TOP OF THE 4TH
Toledo Mud Hens batting - Pitching for Scranton WB RailRiders : RHP Waylon Carbajal
Batting: RHB Tony Blevins 0-0: Called Strike
0-1: Foul Ball, location: 2F
0-2: Strikes out swinging
Batting: LHB Eric Mason 0-0: Ground out U3 (Groundball, 34S, EV 89.4 MPH)
Batting: RHB Tache Grigore 0-0: Called Strike
0-1: SINGLE (Line Drive, 7S, EV 103.8 MPH)
Pitching: LHP José Cuevas
Batting: SHB Loc Dang 0-0: Swinging Strike
Tache Grigore is caught stealing 2nd base 2-4
Top of the 4th over - 0 runs, 1 hit, 0 errors, 0 left on base; Toledo 1 - Scranton WB 1
BOTTOM OF THE 4TH
Scranton WB RailRiders batting - Pitching for Toledo Mud Hens : RHP Greg Santiago
Batting: LHB Spike Robbins 0-0: Ball
1-0: Called Strike
1-1: Swinging Strike
1-2: Strikes out looking
Batting: LHB Josh Jones 0-0: Called Strike
0-1: Ball
1-1: Ball
2-1: Swinging Strike
2-2: Strikes out looking
Batting: RHB Dave Bennett 0-0: Ball
1-0: Ball
2-0: Called Strike
2-1: Ball
3-1: Base on Balls
Batting: LHB Eli Robinson 0-0: Ball
1-0: Ball
2-0: Fly out, F7 (Flyball, 7, EV 100.0 MPH)
Bottom of the 4th over - 0 runs, 0 hits, 0 errors, 1 left on base; Toledo 1 - Scranton WB 1
TOP OF THE 5TH
Toledo Mud Hens batting - Pitching for Scranton WB RailRiders : LHP José Cuevas
Batting: SHB Loc Dang 0-0: Called Strike
0-1: Foul Ball, location: 23F
0-2: Foul Ball, location: 2F
0-2: Ball
1-2: Ball
2-2: Ground out 6-3 (Groundball, 6, EV 102.5 MPH)
Batting: LHB José García 0-0: Ball
1-0: Ball
2-0: Foul Ball, location: 2F
2-1: Ball
3-1: Foul Ball, location: 7LDF
3-2: Foul Ball, location: 7LDF
3-2: Base on Balls
Batting: SHB Mario Cortéz 0-0: Ball
1-0: Ball
2-0: Ball
3-0: Called Strike
3-1: Base on Balls
José García to second
Batting: RHB William Beauvais 0-0: Foul Ball, location: 2F
0-1: Ball
1-1: Ball
2-1: Foul Ball, location: 7LDF
2-2: Foul Ball, location: 7LDF
2-2: Foul Ball, location: 2F
2-2: Ball
3-2: Foul Ball, location: 3DF
3-2: Base on Balls
José García to third
Mario Cortéz to second
Batting: RHB Jesús Barajas 0-0: Ball
1-0: Ball
2-0: Ball
3-0: Called Strike
3-1: Base on Balls
José García scores
Mario Cortéz to third
William Beauvais to second
Batting: LHB Jon Bray 0-0: Grounds into fielders choice 1-2 (Groundball, P, EV 69.4 MPH)
William Beauvais to third
Jesús Barajas to second
Batting: RHB Tony Blevins 0-0: Called Strike
0-1: Ball
1-1: Swinging Strike
1-2: Foul Ball, location: 2F
1-2: SINGLE (Groundball, 6, EV 106.3 MPH)
William Beauvais scores
Jesús Barajas to third
Jon Bray to second
Runner from 3rd tries for Home, SAFE, throw by CF to home
Pitching: RHP Jim Unknown
Batting: LHB Eric Mason 0-0: Foul Ball, location: 2F
0-1: Ball
1-1: Foul Ball, location: 2F
1-2: Strikes out swinging
Top of the 5th over - 3 runs, 1 hit, 0 errors, 2 left on base; Toledo 4 - Scranton WB 1
BOTTOM OF THE 5TH
Scranton WB RailRiders batting - Pitching for Toledo Mud Hens : RHP Greg Santiago
Batting: RHB Jim Unknown 0-0: Foul Ball, location: 9LDF
0-1: Ball
1-1: Ball
2-1: Ball
3-1: Foul Ball, location: 2F
3-2: SOLO HOME RUN (Flyball, 9D, EV 96.9 MPH), Distance : 362 ft
Batting: RHB Jim Unknown 0-0: Ground out 1-3 (Groundball, 34S, EV 68.8 MPH)
Batting: LHB Jim Unknown 0-0: Called Strike
0-1: Foul Ball, location: 7LDF
0-2: Foul Ball, location: 2F
0-2: Ball
1-2: Foul Ball, location: 9LSF
1-2: Foul Ball, location: 7LDF
1-2: Strikes out looking
Batting: RHB Alex Willis 0-0: Foul Ball, location: 2F
0-1: SOLO HOME RUN (Flyball, 78XD, EV 103.8 MPH), Distance : 387 ft
Batting: RHB Jim Unknown 0-0: Foul Ball, location: 2F
0-1: Ball
1-1: Foul Ball, location: 7LDF
1-2: Ball
2-2: Ball
3-2: Base on Balls
Batting: LHB Spike Robbins 0-0: Called Strike
Jim Unknown steals 2nd base
0-1: Ball
1-1: Foul Ball, location: 9LMF
1-2: 2-RUN HOME RUN (Flyball, 78XD, EV 113.1 MPH), Distance : 432 ft
Pitching: RHP Iván Alemán
Batting: LHB Josh Jones 0-0: Ball
1-0: Called Strike
1-1: Swinging Strike
1-2: Ball
2-2: DOUBLE (Line Drive, 8LXD, EV 108.1 MPH)
Batting: RHB Dave Bennett 0-0: Swinging Strike
0-1: Swinging Strike
0-2: Strikes out swinging
Bottom of the 5th over - 4 runs, 4 hits, 0 errors, 1 left on base; Toledo 4 - Scranton WB 5
TOP OF THE 6TH
Toledo Mud Hens batting - Pitching for Scranton WB RailRiders : RHP Jim Unknown
Batting: RHB Tache Grigore 0-0: Called Strike
0-1: Fly out, F8 (Flyball, 8LD, EV 93.1 MPH)
Batting: SHB Loc Dang 0-0: Called Strike
0-1: Ball
1-1: Called Strike
1-2: Foul Ball, location: 3FF
1-2: Foul Ball, location: 7LMFF
1-2: Foul Ball, location: 7LMF
1-2: Fly out, F8 (Flyball, 8RD, EV 93.8 MPH)
Batting: LHB José García 0-0: Foul Ball, location: 3SF
0-1: Ball
1-1: Foul Ball, location: 2F
1-2: SINGLE (Groundball, 34D, EV 107.5 MPH)
Batting: SHB Mario Cortéz 0-0: Ball
1-0: Ball
2-0: Ball
3-0: Base on Balls
José García to second
Batting: RHB William Beauvais 0-0: Ball
1-0: Ball
2-0: Ball
3-0: Base on Balls
José García to third
Mario Cortéz to second
Batting: RHB Jesús Barajas 0-0: Ball
1-0: Foul Ball, location: 5FF
1-1: SINGLE (Line Drive, 34D, EV 106.3 MPH)
José García scores
Mario Cortéz to third
William Beauvais to second
Runner from 3rd tries for Home, throw by RF and OUT! 9-2
Top of the 6th over - 1 run, 2 hits, 0 errors, 2 left on base; Toledo 5 - Scranton WB 5
BOTTOM OF THE 6TH
Scranton WB RailRiders batting - Pitching for Toledo Mud Hens : RHP Iván Alemán
Batting: LHB Eli Robinson 0-0: Fly out, F6 (Popup, 4MD, EV 50.6 MPH)
Batting: RHB Jim Unknown 0-0: Ball
1-0: Called Strike
1-1: Swinging Strike
1-2: Strikes out looking
Batting: RHB Jim Unknown 0-0: SINGLE (Groundball, 4MD, EV 100.0 MPH)
Batting: LHB Jim Unknown 0-0: Called Strike
0-1: Ball
1-1: Swinging Strike
1-2: Strikes out swinging
Bottom of the 6th over - 0 runs, 1 hit, 0 errors, 1 left on base; Toledo 5 - Scranton WB 5
TOP OF THE 7TH
Toledo Mud Hens batting - Pitching for Scranton WB RailRiders : RHP Jim Unknown
Batting: LHB Jon Bray 0-0: Ball
1-0: Foul Ball, location: 25F
1-1: Foul Ball, location: 23FF
1-2: Ground out 6-3 (Groundball, 6M, EV 88.1 MPH)
Batting: RHB Tony Blevins 0-0: Fly out, F7 (Flyball, 7LM, EV 82.5 MPH)
Batting: LHB Eric Mason 0-0: SOLO HOME RUN (Flyball, 89XD, EV 108.8 MPH), Distance : 408 ft
Batting: RHB Tache Grigore 0-0: Ball
1-0: Ball
2-0: Ball
3-0: Called Strike
3-1: Foul Ball, location: 2F
3-2: Foul Ball, location: 3FF
3-2: Fly out, F8 (Flyball, 8LM, EV 93.1 MPH)
Top of the 7th over - 1 run, 1 hit, 0 errors, 0 left on base; Toledo 6 - Scranton WB 5
BOTTOM OF THE 7TH
Scranton WB RailRiders batting - Pitching for Toledo Mud Hens : RHP Iván Alemán
Batting: RHB Alex Willis 0-0: Ball
1-0: Swinging Strike
1-1: Fly out, F9 (Flyball, 9, EV 92.5 MPH)
Batting: RHB Jim Unknown 0-0: Called Strike
0-1: Swinging Strike
0-2: Foul Ball, location: 2F
0-2: Foul Ball, location: 9LDF
0-2: Foul Ball, location: 2F
0-2: Strikes out swinging
Batting: LHB Spike Robbins 0-0: Ball
1-0: Ball
2-0: Called Strike
2-1: Ball
3-1: Ground out U3 (Groundball, 34, EV 85.6 MPH)
Bottom of the 7th over - 0 runs, 0 hits, 0 errors, 0 left on base; Toledo 6 - Scranton WB 5
TOP OF THE 8TH
Toledo Mud Hens batting - Pitching for Scranton WB RailRiders : RHP Jim Unknown
Batting: SHB Loc Dang 0-0: Called Strike
0-1: Ball
1-1: Ground out U3 (Groundball, 3, EV 85.0 MPH)
Batting: LHB José García 0-0: Ball
1-0: Ground out 4-3 (Groundball, 4, EV 101.9 MPH)
Batting: SHB Mario Cortéz 0-0: Fly out, F8 (Flyball, 8LXD, EV 104.4 MPH)
Top of the 8th over - 0 runs, 0 hits, 0 errors, 0 left on base; Toledo 6 - Scranton WB 5
BOTTOM OF THE 8TH
Scranton WB RailRiders batting - Pitching for Toledo Mud Hens : RHP Iván Alemán
Batting: LHB Josh Jones 0-0: Foul Ball, location: 5F
0-1: Foul Ball, location: 2F
0-2: Ball
1-2: Strikes out swinging
Batting: RHB Dave Bennett 0-0: Called Strike
0-1: Fly out, F9 (Flyball, 9LSF, EV 86.3 MPH)
Batting: LHB Eli Robinson 0-0: Foul Ball, location: 9LDF
0-1: Ball
1-1: Called Strike
1-2: Ball
2-2: Ball
3-2: Base on Balls
Pitching: LHP Orlando García
Batting: RHB Jim Unknown 0-0: Called Strike
0-1: Ball
1-1: Foul Ball, location: 5DF
1-2: Ball
2-2: Foul Ball, location: 7LDF
2-2: Ball
3-2: Base on Balls
Eli Robinson to second
Batting: RHB Jim Unknown 0-0: Ball
1-0: Swinging Strike
1-1: Called Strike
1-2: Strikes out looking
Bottom of the 8th over - 0 runs, 0 hits, 0 errors, 2 left on base; Toledo 6 - Scranton WB 5
TOP OF THE 9TH
Toledo Mud Hens batting - Pitching for Scranton WB RailRiders : RHP Jim Unknown
Pitching: RHP Kevin Brown
Batting: RHB William Beauvais 0-0: Called Strike
0-1: Ground out 4-3 (Groundball, 4, EV 101.3 MPH)
Batting: RHB Jesús Barajas 0-0: Ball
1-0: Ball
2-0: Foul Ball, location: 25F
2-1: Fly out, F8 (Flyball, 8LD, EV 93.1 MPH)
Batting: LHB Jon Bray 0-0: Ball
1-0: Ball
2-0: Ball
3-0: Base on Balls
Batting: RHB Tony Blevins 0-0: Called Strike
0-1: Called Strike
Jon Bray steals 2nd base
0-2: Ball
1-2: Ball
2-2: Strikes out swinging
Top of the 9th over - 0 runs, 0 hits, 0 errors, 1 left on base; Toledo 6 - Scranton WB 5
BOTTOM OF THE 9TH
Scranton WB RailRiders batting - Pitching for Toledo Mud Hens : LHP Orlando García
Pitching: RHP Héctor Escamilla
Pinch Hitting: SHB Jim Unknown 0-0: Swinging Strike
0-1: Foul Ball, location: 5F
0-2: Ball
1-2: Strikes out swinging
Batting: RHB Alex Willis 0-0: Foul Ball, location: 5SF
0-1: Swinging Strike
0-2: Ball
1-2: Ball
2-2: Ball
3-2: Strikes out swinging
Batting: RHB Jim Unknown 0-0: Ball
1-0: Ball
2-0: Called Strike
2-1: Foul Ball, location: 3FF
2-2: Ground out 6-3 (Groundball, 56, EV 81.9 MPH)
Bottom of the 9th over - 0 runs, 0 hits, 0 errors, 0 left on base; Toledo 6 - Scranton WB 5
Monday, April 1st , 2024 - OOTP Baseball 24.10 Build 82